 Dungeon Crawl Stone Soup version 0.21-a0-278-ga722497 (webtiles) character file.

914 vishdafish the Ruffian (level 7, -2/60 HPs)
             Began as a Troll Transmuter on Sept 22, 2017.
             Succumbed to a gnoll's poison
             ... on level 4 of the Dungeon.
             The game lasted 00:05:23 (2993 turns).

vishdafish the Ruffian (Troll Transmuter)           Turns: 2993, Time: 00:05:24

Health: -2/60      AC:  5    Str: 14 (17) XL:     7   Next: 82%
Magic:  9/9        EV: 15    Int:  8 (11) God:    Xom [..*...]
Gold:   147        SH:  0    Dex: 14 (15) Spells: 10/11 levels left

rFire    . . .     SeeInvis .     - Unarmed
rCold    . . .     Gourm    +   (no shield)
rNeg     . . .     Faith    .   b - +0 robe
rPois    .         Spirit   +   (helmet restricted)
rElec    .         Reflect  .   (no cloak)
rCorr    .         Harm     .   (gloves unavailable)
MR       .....                  (boots unavailable)
Stlth    ++........             t - amulet of guardian spirit
HPRegen  0.60/turn              q - ring of flight
MPRegen  0.11/turn              (no ring)

@: agile, lethally poisoned (-2 -> -40), flying
A: unfitting armour, claws 3, fast metabolism 3, frail 1, gourmand, low mp 1,
mutation resistance 1, regeneration 1, shaggy fur 1, tough skin 2, weak 1
a: Renounce Religion


You were on level 4 of the Dungeon.
You worshipped Xom.
You were a toy of Xom.
You were not hungry.

You visited 1 branch of the dungeon, and saw 4 of its levels.

You collected 147 gold pieces.

Inventory:

Missiles
 a - 43 arrows
Armour
 b - a +0 robe (worn)
Jewellery
 q - a ring of flight (left claw)
 t - an amulet of guardian spirit (around neck)
Wands
 s - a wand of disintegration (7/24)
Scrolls
 e - 2 scrolls of identify {unknown}
 f - 2 scrolls of remove curse {unknown}
 l - 3 scrolls of teleportation {unknown}
 m - 2 scrolls of fog {unknown}
 n - a scroll of magic mapping {unknown}
 o - 2 scrolls of recharging {unknown}
Potions
 g - a potion of lignification
 p - a potion of mutation
 r - a potion of heal wounds {unknown}
 u - a potion of brilliance {unknown}
Books
 c - a book of Changes

   Spells                             Type                      Level
   a - Beastly Appendage              Transmutation                1
   b - Sticks to Snakes               Transmutation                2
   c - Spider Form                    Transmutation/Poison         3
   d - Ice Form                       Ice/Transmutation            4
   e - Blade Hands                    Transmutation                5
Comestibles
 d - 2 bread rations
 j - 3 meat rations


   Skills:
 + Level 3.4 Fighting
 - Level 1.5 Dodging
 * Level 6.2 Unarmed Combat
 + Level 2.8 Spellcasting
 + Level 3.2 Transmutations


You had 10 spell levels left.
You knew the following spells:

 Your Spells              Type           Power        Failure   Level  Hunger
a - Beastly Appendage     Tmut           #.....       9%          1    ##.....


Dungeon Overview and Level Annotations

Branches:
Dungeon (4/15)
 Temple: D:4-7

Altars:
Ashenzari
Gozag
Makhleb
Okawaru
Trog
Vehumet
Xom


Innate Abilities, Weirdness & Mutations

You are too large for most types of armour.
You have claws for hands.
Your metabolism is lightning-fast.
You like to eat raw meat.
Your natural rate of healing is unusually fast.
You are covered in fur. (AC +1)
You have very tough skin. (AC +2)
You are frail. (-10% HP)
Your magical capacity is low. (-10% MP)
You are somewhat resistant to further mutation.
You are weak. (Str -2)


Message History

Xom roars with laughter!
You feel very sick.
The gnoll hits you from afar with a halberd of venom.
* * * LOW HITPOINT WARNING * * *
The gnoll misses you.
Okay, then.
It was a potion of flight.
You feel very buoyant.
You fly up into the air.
* * * LOW HITPOINT WARNING * * *
You feel very sick. The gnoll misses you.
The gnoll hits you from afar with a halberd of venom!
* * * LOW HITPOINT WARNING * * *
You are more poisoned.
* * * LOW HITPOINT WARNING * * *
You feel very sick.
It was a potion of magic.
Magic courses through your body.
You die...
Xom guffaws!

### ..# ## .. .#
#(##.## #.%.>.# .
####g.#.# #, ,*,
####..gg...# # * ,
#...@####..# #, #.####
..... # *.## #.#
#g..... #
....######.######
#..... # *
#.....##.#..... .....
# ###.........#####
....
######................
..##
...........#........#
.....#|.####......_.##


You could see 3 gnolls.

Vanquished Creatures
  A two-headed ogre (D:4)
  A howler monkey (D:4)
  A crimson imp (D:3)
  2 hounds (D:4)
  A centaur skeleton (D:4)
  A worker ant (D:4)
  A gnoll (D:2)
  2 adders
  An ooze (D:2)
  3 worms (D:2)
  4 dart slugs
  A leopard gecko (D:2)
  5 orcs
  2 giant cockroaches
  9 goblins
  8 hobgoblins
  2 quokkas
  3 bats
  2 frilled lizards
  10 kobolds
  5 rats
65 creatures vanquished.

Notes
Turn   | Place    | Note
-------+----------+-------------------------------------------
     0 | D:1      | vishdafish the Troll Transmuter began the quest for the Orb.
     0 | D:1      | Reached XP level 1. HP: 18/18 MP: 1/1
    93 | D:1      | Reached skill level 1 in Fighting
   239 | D:1      | Reached XP level 2. HP: 23/27 MP: 3/3
  1098 | D:2      | Reached XP level 3. HP: 28/33 MP: 4/4
  1206 | D:2      | Found an iron altar of Okawaru.
  1400 | D:2      | Found a bloodstained altar of Trog.
  1613 | D:2      | Reached XP level 4. HP: 42/42 MP: 5/5
  1982 | D:3      | Found an opulent altar of Gozag.
  2281 | D:3      | Reached skill level 4 in Unarmed Combat
  2403 | D:3      | Found a shattered altar of Ashenzari.
  2542 | D:3      | Found a burning altar of Makhleb.
  2543 | D:3      | Found a shimmering altar of Xom.
  2557 | D:3      | Reached XP level 5. HP: 27/49 MP: 1/6
  2638 | D:3      | Became a worshipper of Xom of Bone-Dry Humour
  2806 | D:4      | XOM: potion effect (invisibility)
  2870 | D:4      | Reached XP level 6. HP: 51/58 MP: 5/8
  2872 | D:4      | XOM: divination: magic mapping
  2923 | D:4      | Found a radiant altar of Vehumet.
  2946 | D:4      | Found an iron altar of Okawaru.
  2946 | D:4      | Noticed a two-headed ogre
  2949 | D:4      | XOM: potion effect (agility)
  2954 | D:4      | Killed a two-headed ogre
  2954 | D:4      | Reached skill level 6 in Unarmed Combat
  2954 | D:4      | Reached XP level 7. HP: 65/67 MP: 7/10
  2990 | D:4      | Gained mutation: You are frail. (-10% HP) [potion of mutation]
  2990 | D:4      | Gained mutation: Your magical capacity is low. (-10% MP) [potion of mutation]
  2990 | D:4      | Gained mutation: You are weak. (Str -2) [potion of mutation]
  2990 | D:4      | Gained mutation: You are somewhat resistant to further mutation. [potion of mutation]
  2992 | D:4      | HP: 2/60 [poisoned by a gnoll]
  2993 | D:4      | Succumbed to a gnoll's poison

Vault maps used:
D:1:      mrwooster_arrival_statue_2, patterned_corridor
D:2:      wad_lake_hut, lemuel_doored_altar, okawaru_altar_gauntlet_db
D:3:      grunt_temple_overflow_champion_of_chaos,
          nicolae_overflow_hidden_temple, lemuel_crystal_altar
D:4:      grunt_temple_overflow_open, serial_shops, shop_statue, first_bread,
          item_on_display_a, uniq_pikel

Skill      XL: |  1  2  3  4  5  6 |
---------------+-------------------+-----
Fighting       | 1 2 3 |  3.4
Unarmed Combat | 4 6 |  6.2
Transmutations | 2 3 |  3.2
Spellcasting   | 2 |  2.8
Dodging        | |  1.5

Action                   |  1- 3 |  4- 6 |  7- 9 || total
-------------------------+-------+-------+-------++-------
Melee: Unarmed           |    97 |   112 |     3 ||   212
       Punch             |     3 |       |       ||     3
Evoke: Wand              |       |     3 |       ||     3
  Use: Potion            |       |     2 |     4 ||     6
 Stab: Sleeping          |     2 |       |       ||     2
       Invisible         |       |     3 |       ||     3
  Eat: Chunk             |     9 |    10 |       ||    19
       Bread ration      |     1 |       |       ||     1
       Royal jelly       |       |     1 |       ||     1
Armor: Robe              |    31 |    35 |       ||    66
Dodge: Dodged            |    58 |    61 |     4 ||   123

Table legend:
 A = Spawn XP
 B = Non-spawn XP
 C = Spawn XP percentage of total XP
 D = Spawn monster count
 E = Non-spawn monster count
 F = Spawn count percentage of total count
 G = Total turns spent on level
                    A         B        C        D         E        F      G
               +---------+---------+-------+---------+---------+-------+---------
         Total |       0 |    1307 |   0.0 |       0 |      65 |   0.0 |  2993
               +---------+---------+-------+---------+---------+-------+---------
           D:1 |       0 |      31 |   0.0 |       0 |      15 |   0.0 |  1039
           D:2 |       0 |      69 |   0.0 |       0 |      21 |   0.0 |   709
           D:3 |       0 |      98 |   0.0 |       0 |      20 |   0.0 |  1053
           D:4 |       0 |    1109 |   0.0 |       0 |       9 |   0.0 |   192
               +---------+---------+-------+---------+---------+-------+---------
